 Dungeon Crawl Stone Soup version 0.29-a0-88-g03a7b78be7 (webtiles) character file.

Game seed: 17854546466946741751

194 dmks the Skirmisher (level 5, -1/44 HPs)
             Began as a Demonspawn Fighter on Feb 5, 2022.
             Slain by Natasha (8 damage)
             ... on level 4 of the Dungeon.
             The game lasted 00:05:25 (3324 turns).

dmks the Skirmisher (Demonspawn Fighter)            Turns: 3324, Time: 00:05:25

Health: -1/44      AC:  7    Str: 18    XL:     5   Next: 44%
Magic:  5/5        EV:  9    Int: 10    God:
Gold:   78         SH:  0    Dex: 12    Spells: 4/4 levels left

rFire   . . .      SeeInvis .   a - +0 war axe
rCold   . . .      Faith    .   c - +0 buckler
rNeg    . . .      Spirit   .   b - +0 scale mail
rPois   .          Reflect  .   (no helmet)
rElec   .          Harm     .   (no cloak)
rCorr   .          Rampage  .   (no gloves)
Will    .....                   (no boots)
Stlth   ..........              (no amulet)
HPRegen 0.14/turn               (no ring)
MPRegen 0.09/turn               (no ring)

@: confused, ambrosia-drunk
A: claws 1, powered by pain 2
a: no special abilities


You were on level 4 of the Dungeon.
You visited 1 branch of the dungeon, and saw 4 of its levels.

You collected 78 gold pieces.

Inventory:

Hand Weapons
 a - a +0 war axe (weapon)
Armour
 b - a +0 scale mail (worn)
 c - a +0 buckler (worn)
 n - a +1 hat
   (You found it on level 3 of the Dungeon)
Jewellery
 j - a ring of ice
   (You found it on level 2 of the Dungeon)
Scrolls
 g - a scroll of teleportation {@r4}
 h - a scroll of identify {@r1}
Potions
 d - a potion of haste {unknown}
 e - a potion of ambrosia
 f - a potion of curing {unknown}
 i - a potion of berserk rage {unknown}
 k - a potion of flight {unknown}
 l - 2 potions of brilliance


   Skills:
 * Level 5.2 Fighting
 - Level 1.9 Axes
 + Level 3.8 Armour
 - Level 2.8 Shields


You had 4 spell levels left.
You didn't know any spells.
Your spell library contained the following spells:

 Spells                   Type           Power      Damage    Failure   Level
 Animate Skeleton         Necr           0%         N/A       83%         1
 Pain                     Necr           0%         1d4       83%         1
 Vampiric Draining        Necr           0%         2d6       99%         3


Dungeon Overview and Level Annotations

Branches:
Dungeon (4/15)
 Temple: D:4-7

Altars:
Ashenzari

Annotations:
D:4 Edmund, Natasha


Innate Abilities, Weirdness & Mutations

You have sharp fingernails.
You sometimes gain power by taking damage.


Message History

There is a stone staircase leading up here.
You hit the quokka. The quokka barely misses you.
You block the quokka's attack.
You miss the quokka. The quokka barely misses you. The quokka bites you.
You closely miss the quokka. The quokka barely misses you.
You hit the quokka.
You kill the quokka!
No target in view!
Natasha, Servant of Life and Death comes into view.
Found 11 gold pieces.
Natasha claws you.
You closely miss Natasha. Natasha claws you but does no damage.
You barely miss Natasha. Natasha claws you.
Natasha mumbles some strange words.
You barely miss Natasha. Natasha claws you but does no damage.
You miss Natasha. Natasha barely misses you. You block Natasha's attack.
The white imp hits you. The white imp freezes you.
You barely miss Natasha. You closely miss the white imp. Natasha claws you.
The white imp hits you. The white imp freezes you.
You slash Natasha! You hit the white imp. Natasha claws you.
* * * LOW HITPOINT WARNING * * *
The white imp gestures at you. The puff of frost misses you.
Natasha casts a spell at you.
The magic dart hits you but does no damage.
You hit Natasha. You closely miss the white imp. The white imp misses you.
Natasha claws you but does no damage. The white imp gestures at you.
The puff of frost hits you!
* * * LOW HITPOINT WARNING * * *
You hit Natasha. You barely miss the white imp. You block Natasha's attack.
The white imp hits you.
* * * LOW HITPOINT WARNING * * *
The white imp freezes you.
* * * LOW HITPOINT WARNING * * *
It was a potion of ambrosia.
You are confused.
You feel invigorated. Natasha barely misses you. The white imp gestures at you.
The puff of frost hits you!
* * * LOW HITPOINT WARNING * * *
Natasha mumbles some strange words.
You barely miss the white imp. The white imp gestures at you.
The puff of frost hits you.
* * * LOW HITPOINT WARNING * * *
Natasha barely misses you.
The white imp hits you but does no damage.
You're too confused to move!
Natasha claws you!
You die...

....## #......
......##.......
.............
............
.####..........
......5........
#........#
#...#h5### #..
#.@# #.. ##.#
#.h #.## .$
##..####... .
#..<.......
......###......
#....# ##...#
##.## #.. #. .


You could see Natasha, a crimson imp (summoned) and a white imp (summoned).

Vanquished Creatures
  A jelly (D:3)
  Jessica (D:3)
  An iguana (D:4)
  2 adders
  4 gnolls (D:2)
  An adder skeleton (D:4)
  A worm (D:2)
  3 dart slugs
  4 bats
  4 giant cockroaches
  3 goblins
  4 hobgoblins
  2 jackals (D:2)
  2 quokkas
  4 ball pythons
  4 frilled lizards (D:1)
  5 kobolds
  10 rats
56 creatures vanquished.

Notes
Turn   | Place    | Note
-------+----------+-------------------------------------------
     0 | D:1      | dmks the Demonspawn Fighter began the quest for the Orb.
     0 | D:1      | Reached XP level 1. HP: 18/18 MP: 1/1
   166 | D:1      | Gained mutation: You sometimes gain a little power by
                  | taking damage. [demonic ancestry]
   166 | D:1      | Reached XP level 2. HP: 24/24 MP: 2/2
   910 | D:2      | Gained mutation: You have sharp fingernails. [demonic
                  | ancestry]
   910 | D:2      | Reached XP level 3. HP: 30/30 MP: 3/3
  1212 | D:1      | Reached skill level 4 in Fighting
  1513 | D:2      | Gained mutation: You sometimes gain power by taking damage.
                  | [demonic ancestry]
  1513 | D:2      | Reached XP level 4. HP: 31/37 MP: 4/4
  1977 | D:3      | Found a broken altar of Ashenzari.
  2491 | D:3      | Found a faded altar of an unknown god.
  2618 | D:3      | Reached XP level 5. HP: 43/43 MP: 5/5
  2622 | D:3      | Noticed Jessica
  2633 | D:3      | Killed Jessica
  2634 | D:3      | Reached skill level 5 in Fighting
  3210 | D:4      | Noticed Edmund
  3308 | D:4      | Noticed Natasha
  3324 | D:4      | Slain by Natasha

Illustrated notes

Levels and vault maps discovered:
D:1:      saegor_arrival_fortress, layout_rooms
D:2:      layout_basic, minmay_worlds_worst_comb
D:3:      layout_basic, mainiacjoe_overflow_boulevard,
          dreamdust_ecumenical_altar_statues, uniq_crazy_yiuf_cottage,
          uniq_jessica
D:4:      layout_layer_cave, temple_fountains, minmay_misc_feat_x, uniq_edmund,
          uniq_natasha, uniq_ijyb

Skill      XL: |  1  2  3  4  5 |
---------------+----------------+-----
Armour         | 3 |  3.8
Fighting       | 4 5 |  5.2
Axes           | |  1.9
Shields        | |  2.8

Action                   |  1- 3 |  4- 6 || total
-------------------------+-------+-------++-------
Melee: War axe           |    96 |    58 ||   154
  Use: Potion            |     1 |     1 ||     2
       Scroll            |       |     5 ||     5
Armor: Scale mail        |    48 |    27 ||    75
Dodge: Dodged            |    56 |    31 ||    87
Block: Buckler           |    26 |    10 ||    36

Table legend: (Time is in decaauts)
 A = Elapsed time spent in this place.
 B = Non-inter-level travel time spent in this place.
 C = Inter-level travel time spent in this place.
 D = Time resting spent in this place.
 E = Time spent auto-exploring this place.
 F = Levels seen in this place.
 G = Mean time per level.
                   A        B        C        D        E       F      G
               +--------+--------+--------+--------+--------+-----+--------+
         Total |   3394 |   3295 |     99 |    874 |   1865 |   4 |  848.5 |
       Dungeon |   3394 |   3295 |     99 |    874 |   1865 |   4 |  848.5 |
               +--------+--------+--------+--------+--------+-----+--------+

Top non-repeatable levels by time:
     D:3: 1367 daAuts
     D:2: 910 daAuts
     D:1: 891 daAuts
     D:4: 225 daAuts
